General information
			
			
        
        - name: BNet
 
        - type: Ladder team game (AT/RT)
 
        - host: Battle.net
 
        - saver: PizzaFan1739
 
        
map: Dragonblight 
        - players: 6
 
        - length: 23:05
 
        - speed: Fast
 - version: 1.22 W3XP
 - replay type:  

 
» download(121 KB)
Players
        team 1 (loser) 
              
              
Derelict_Metal (
yellow | 20 APM | 457 actions | 23:01)
              
 3 Archmage 
 2 Blizzard
 1 Summon Water Elemental
 1 Blood Mage 
 1 Flame Strike
 
                » actions 
                
                | Assign group hotkey | 2 |  | 
| Build / train | 54 |  | 
| Enter build submenu | 26 |  | 
| Enter hero's abilities submenu | 4 |  | 
| Remove unit from queue | 1 |  | 
| Right click | 164 |  | 
| Select / deselect | 170 |  | 
| Select group hotkey | 1 |  | 
| Use ability | 35 |  | 
                457 total
 » units 
                
                | Peasant | 7 |  | 
| Footman | 9 |  | 
| Gryphon Rider | 7 |  | 
| Knight | 3 |  | 
| Huntress | 7 |  | 
| Archer | 3 |  | 
                36 total
 » upgrades
                » buildings
                
                | Altar of Kings | 1 |  | 
| Farm | 12 |  | 
| Barracks | 1 |  | 
| Keep | 1 |  | 
| Arcane Vault | 1 |  | 
| Castle | 1 |  | 
| Blacksmith | 1 |  | 
| Lumber Mill | 1 |  | 
| Gryphon Aviary | 1 |  | 
| Scout Tower | 6 |  | 
| Guard Tower | 4 |  | 
                30 total
 » build order
                00:09 Altar of Kings
00:16 Farm
01:31 Barracks
02:37 Keep
02:51 Farm
04:50 Farm
05:56 Farm
07:06 Arcane Vault
07:32 Castle
08:51 Blacksmith
08:59 Farm
09:04 Farm
10:12 Lumber Mill
10:29 Farm
11:19 Gryphon Aviary
11:23 Farm
12:16 Farm
13:29 Scout Tower
14:00 Scout Tower
14:34 Farm
14:39 Scout Tower
14:48 Guard Tower
14:52 Guard Tower
15:12 Guard Tower
15:16 Scout Tower
16:07 Farm
16:09 Guard Tower
16:42 Farm
19:37 Scout Tower
19:44 Scout Tower
 
               
              
              
Panda_Master (
orange | 39 APM | 569 actions | 14:40)
              
 1 Firelord 
 1 Summon Lava Spawn
 
                » actions 
                
                | Basic commands | 1 |  | 
| Build / train | 32 |  | 
| Enter build submenu | 11 |  | 
| Enter hero's abilities submenu | 1 |  | 
| Remove unit from queue | 4 |  | 
| Right click | 307 |  | 
| Select / deselect | 195 |  | 
| Use ability | 18 |  | 
                569 total
 » units 
                » upgrades
                
                | Strength of the Moon | 1 |  | 
| Moon Armor | 1 |  | 
                2 total
 » buildings
                
                | Altar of Elders | 1 |  | 
| Moon Well | 6 |  | 
| Ancient of War | 1 |  | 
| Hunter's Hall | 1 |  | 
| Ancient Protector | 1 |  | 
| Tree of Ages | 1 |  | 
                11 total
 » build order
                00:14 Altar of Elders
00:18 Moon Well
00:45 Ancient of War
02:02 Moon Well
05:01 Hunter's Hall
05:14 Moon Well
06:11 Moon Well
07:10 Ancient Protector
08:19 Moon Well
09:30 Tree of Ages
11:44 Moon Well
 
               
              
              
skilikehell (
pink | 35 APM | 807 actions | 22:53)
              
 4 Pandaren Brewmaster 
 2 Drunken Haze
 2 Breath of Fire
 
                » actions 
                
                | Assign group hotkey | 3 |  | 
| Build / train | 60 |  | 
| Enter build submenu | 13 |  | 
| Enter hero's abilities submenu | 4 |  | 
| Right click | 324 |  | 
| Select / deselect | 291 |  | 
| Select group hotkey | 82 |  | 
| Use ability | 30 |  | 
                807 total
 » units 
                
                | Peon | 6 |  | 
| Grunt | 16 |  | 
| Troll Headhunter/Berserker | 12 |  | 
| Demolisher | 3 |  | 
| Shaman | 5 |  | 
| Huntress | 3 |  | 
| Archer | 2 |  | 
                47 total
 » upgrades
                
                | Melee Weapons | 1 |  | 
| Ranged Weapons | 2 |  | 
| Armor | 1 |  | 
| Shaman Training | 2 |  | 
                6 total
 » buildings
                
                | Barracks | 1 |  | 
| Orc Burrow | 7 |  | 
| Altar of Storms | 1 |  | 
| War Mill | 1 |  | 
| Stronghold | 1 |  | 
| Spirit Lodge | 1 |  | 
| Fortress | 1 |  | 
| Great Hall | 1 |  | 
                14 total
 » build order
                00:15 Barracks
00:20 Orc Burrow
01:04 Altar of Storms
01:58 War Mill
03:00 Orc Burrow
05:15 Orc Burrow
06:22 Orc Burrow
07:49 Stronghold
09:26 Orc Burrow
10:26 Spirit Lodge
13:21 Fortress
14:37 Orc Burrow
15:52 Orc Burrow
21:28 Great Hall
 
               team 2 (winner) 
              
              
EataMyMeatballs (
purple | 82 APM | 1897 actions | 23:02)
              
 6 Blademaster 
 2 Wind Walk
 3 Critical Strike
 1 Bladestorm
 
                » actions 
                
                | Assign group hotkey | 107 |  | 
| Basic commands | 5 |  | 
| Build / train | 77 |  | 
| Enter build submenu | 62 |  | 
| Enter hero's abilities submenu | 6 |  | 
| Remove unit from queue | 7 |  | 
| Right click | 1137 |  | 
| Select / deselect | 238 |  | 
| Select group hotkey | 106 |  | 
| Use ability | 152 |  | 
                1897 total
 » units 
                
                | Peon | 11 |  | 
| Troll Batrider | 11 |  | 
| Shaman | 2 |  | 
| Goblin Zeppelin | 1 |  | 
                25 total
 » upgrades
                
                | Spiked Barricades | 2 |  | 
| Reinforced Defenses | 1 |  | 
| Liquid Fire | 1 |  | 
| Ranged Weapons | 2 |  | 
| Armor | 2 |  | 
| Shaman Training | 2 |  | 
                10 total
 » buildings
                
                | Altar of Storms | 1 |  | 
| Orc Burrow | 4 |  | 
| War Mill | 1 |  | 
| Watch Tower | 49 |  | 
| Stronghold | 4 |  | 
| Voodoo Lounge | 3 |  | 
| Fortress | 2 |  | 
| Beastiary | 3 |  | 
| Great Hall | 1 |  | 
| Spirit Lodge | 1 |  | 
                69 total
 » build order
                00:02 Altar of Storms
00:11 Orc Burrow
00:31 War Mill
01:55 Watch Tower
02:07 Orc Burrow
02:14 Watch Tower
02:27 Watch Tower
02:39 Watch Tower
02:59 Watch Tower
03:42 Watch Tower
03:50 Watch Tower
03:54 Watch Tower
04:31 Stronghold
04:32 Stronghold
04:32 Stronghold
04:35 Watch Tower
04:48 Watch Tower
05:38 Watch Tower
05:40 Watch Tower
05:41 Watch Tower
05:55 Watch Tower
06:23 Orc Burrow
06:45 Voodoo Lounge
06:47 Voodoo Lounge
06:52 Watch Tower
06:54 Fortress
06:54 Fortress
07:01 Watch Tower
07:30 Watch Tower
07:30 Watch Tower
07:31 Watch Tower
07:31 Watch Tower
07:57 Watch Tower
07:59 Watch Tower
08:01 Watch Tower
08:47 Watch Tower
08:56 Beastiary
08:57 Beastiary
09:23 Watch Tower
09:27 Beastiary
09:32 Watch Tower
10:14 Watch Tower
10:15 Watch Tower
10:28 Voodoo Lounge
10:35 Watch Tower
10:36 Watch Tower
12:33 Watch Tower
12:36 Orc Burrow
13:04 Watch Tower
13:07 Watch Tower
13:40 Watch Tower
15:07 Watch Tower
15:09 Watch Tower
15:11 Watch Tower
16:10 Watch Tower
16:13 Watch Tower
16:18 Watch Tower
16:44 Great Hall
16:51 Watch Tower
16:52 Watch Tower
16:53 Watch Tower
16:54 Watch Tower
16:54 Watch Tower
16:57 Watch Tower
16:59 Watch Tower
17:00 Watch Tower
17:01 Watch Tower
19:09 Spirit Lodge
» items
                
                | Boots of Speed | 1 |  | 
| Staff of Teleportation | 1 |  | 
| Healing Salve | 2 |  | 
| Lesser Clarity Potion | 2 |  | 
| Orb of Lightning | 1 |  | 
| Scroll of Town Portal | 1 |  | 
                8 total
  
               
              
              
PizzaFan1739 (
teal | 75 APM | 1742 actions | 23:05)
              
 4 Demon Hunter 
 2 Mana Burn
 2 Evasion
 4 Pandaren Brewmaster 
 2 Breath of Fire
 2 Drunken Haze
 
                » actions 
                
                | Assign group hotkey | 5 |  | 
| Basic commands | 68 |  | 
| Build / train | 57 |  | 
| Enter build submenu | 15 |  | 
| Enter hero's abilities submenu | 8 |  | 
| Give item / drop item | 6 |  | 
| Remove unit from queue | 1 |  | 
| Right click | 927 |  | 
| Select / deselect | 212 |  | 
| Select group hotkey | 360 |  | 
| Use ability | 83 |  | 
                1742 total
 » units 
                
                | Wisp | 19 |  | 
| Frost Revenant | 1 |  | 
| Blue Dragon | 6 |  | 
                26 total
 » upgrades
                
                | Ultravision | 1 |  | 
| Well Spring | 1 |  | 
| Nature's Blessing | 1 |  | 
                3 total
 » buildings
                
                | Altar of Elders | 1 |  | 
| Moon Well | 25 |  | 
| Hunter's Hall | 1 |  | 
| Tree of Ages | 1 |  | 
| Ancient of Wonders | 1 |  | 
| Tree of Eternity | 1 |  | 
| Tree of Life | 1 |  | 
                31 total
 » build order
                00:41 Altar of Elders
00:42 Moon Well
01:37 Moon Well
02:16 Hunter's Hall
04:18 Moon Well
04:21 Tree of Ages
04:49 Moon Well
05:15 Ancient of Wonders
09:28 Tree of Eternity
11:18 Tree of Life
11:26 Moon Well
11:27 Moon Well
11:28 Moon Well
11:29 Moon Well
11:30 Moon Well
19:03 Moon Well
19:04 Moon Well
19:06 Moon Well
19:08 Moon Well
19:09 Moon Well
19:10 Moon Well
19:11 Moon Well
19:13 Moon Well
19:16 Moon Well
19:17 Moon Well
19:18 Moon Well
19:20 Moon Well
19:22 Moon Well
19:23 Moon Well
19:26 Moon Well
19:27 Moon Well
» items
                
                | Boots of Speed | 2 |  | 
| Staff of Teleportation | 2 |  | 
| Potion of Lesser Invulnerability | 1 |  | 
| Scroll of Regeneration | 1 |  | 
| Orb of Lightning | 1 |  | 
| Healing Salve | 2 |  | 
| Staff of Preservation | 2 |  | 
| Orb of Venom | 1 |  | 
| Staff of Sanctuary | 2 |  | 
                14 total
  
               
              
              
YouTellEmMa (
red | 58 APM | 1339 actions | 23:02)
              
 3 Mountain King 
 2 Storm Bolt
 1 Bash
 2 Paladin 
 1 Holy Light
 1 Divine Shield
 
                » actions 
                
                | Assign group hotkey | 3 |  | 
| Basic commands | 23 |  | 
| Build / train | 84 |  | 
| Enter build submenu | 53 |  | 
| Enter hero's abilities submenu | 5 |  | 
| Give item / drop item | 5 |  | 
| Right click | 535 |  | 
| Select / deselect | 223 |  | 
| Select group hotkey | 281 |  | 
| Use ability | 127 |  | 
                1339 total
 » units 
                
                | Peasant | 21 |  | 
| Goblin Zeppelin | 3 |  | 
                24 total
 » upgrades
                
                | Masonry | 3 |  | 
| Lumber Harvesting | 1 |  | 
| Magic Sentry | 1 |  | 
                5 total
 » buildings
                
                | Lumber Mill | 3 |  | 
| Altar of Kings | 1 |  | 
| Farm | 3 |  | 
| Scout Tower | 57 |  | 
| Arcane Tower | 2 |  | 
| Guard Tower | 31 |  | 
| Arcane Vault | 2 |  | 
| Town Hall | 2 |  | 
| Keep | 1 |  | 
| Castle | 1 |  | 
| Arcane Sanctum | 1 |  | 
                104 total
 » build order
                00:13 Lumber Mill
01:12 Altar of Kings
01:14 Farm
01:34 Scout Tower
01:40 Scout Tower
02:16 Scout Tower
02:21 Arcane Tower
02:22 Scout Tower
02:27 Farm
02:36 Scout Tower
02:41 Arcane Tower
02:48 Guard Tower
02:59 Guard Tower
03:00 Scout Tower
03:01 Scout Tower
03:05 Scout Tower
03:19 Guard Tower
03:36 Guard Tower
03:38 Scout Tower
03:59 Guard Tower
04:01 Scout Tower
04:02 Scout Tower
04:29 Guard Tower
04:33 Scout Tower
04:35 Guard Tower
04:36 Scout Tower
04:38 Scout Tower
05:05 Guard Tower
05:08 Scout Tower
05:14 Scout Tower
05:15 Guard Tower
05:17 Scout Tower
05:40 Guard Tower
05:42 Scout Tower
05:46 Guard Tower
05:50 Scout Tower
06:00 Scout Tower
06:12 Guard Tower
06:14 Arcane Vault
06:17 Lumber Mill
06:20 Guard Tower
06:24 Lumber Mill
06:30 Guard Tower
06:48 Farm
07:40 Town Hall
07:56 Scout Tower
07:57 Scout Tower
07:58 Scout Tower
07:59 Scout Tower
08:00 Scout Tower
08:01 Scout Tower
08:06 Scout Tower
08:09 Scout Tower
08:10 Scout Tower
08:10 Scout Tower
08:11 Scout Tower
08:12 Scout Tower
08:22 Scout Tower
08:23 Scout Tower
08:24 Scout Tower
08:27 Guard Tower
08:34 Guard Tower
08:58 Guard Tower
09:06 Guard Tower
09:33 Guard Tower
09:53 Scout Tower
09:55 Scout Tower
09:56 Scout Tower
10:12 Town Hall
10:19 Guard Tower
10:22 Scout Tower
10:23 Scout Tower
10:24 Scout Tower
10:24 Scout Tower
10:30 Scout Tower
10:31 Scout Tower
10:32 Scout Tower
10:32 Scout Tower
10:35 Guard Tower
11:14 Guard Tower
11:16 Guard Tower
11:19 Keep
11:20 Scout Tower
11:21 Scout Tower
11:22 Scout Tower
11:24 Scout Tower
11:24 Scout Tower
11:26 Guard Tower
11:29 Guard Tower
11:49 Guard Tower
12:32 Guard Tower
12:38 Guard Tower
12:43 Scout Tower
12:44 Scout Tower
12:44 Scout Tower
12:45 Scout Tower
12:46 Scout Tower
12:47 Scout Tower
13:11 Guard Tower
13:59 Castle
14:23 Guard Tower
14:40 Guard Tower
15:46 Arcane Sanctum
16:33 Arcane Vault
» items
                
                | Staff of Teleportation | 2 |  | 
| Boots of Speed | 2 |  | 
| Orb of Lightning | 2 |  | 
| Staff of Sanctuary | 2 |  | 
| Scroll of Regeneration | 1 |  | 
| Lesser Clarity Potion | 2 |  | 
| Potion of Mana | 1 |  | 
| Potion of Healing | 1 |  | 
                13 total
  
                Chat log
          (00:08 / All) EataMyMeatballs: u ever play that game ski free
(00:16 / All) YouTellEmMa: derelick my balls
(00:27 / All) skilikehell: fuck you
(00:37 / All) Panda_Master: shut
(00:40 / All) Panda_Master: up
(00:41 / All) skilikehell: hey pizza fabn youre guai
(00:45 / All) YouTellEmMa: derelick my BALLS
(00:56 / All) YouTellEmMa: ur a guai
(00:56 / All) skilikehell: hey guai fuck you
(00:58 / All) YouTellEmMa: (uruguay)
(01:02 / All) PizzaFan1739: hey ski like hell u hush, please manner 
(01:07 / All) EataMyMeatballs: pink floyd - ski like hell
(01:15 / All) PizzaFan1739: im call you "Ski Like H*ck" pok
(02:06 / All) YouTellEmMa: the double choke : what i did to your mom last night ehehehe
(03:08 / All) EataMyMeatballs: is ur mom also russian
(03:13 / All) YouTellEmMa: u phail
(03:15 / All) PizzaFan1739: ski like h*ck wher eyou goin
(03:31 / All) YouTellEmMa: gonna ski my ball down UR moms gullet
(03:44 / All) PizzaFan1739: WOW y'all bad.
(04:03 / All) PizzaFan1739: good blizz
(04:32 / All) PizzaFan1739: you are worst players i've ever seen.
(08:46 / All) YouTellEmMa: fuck U Verily
(10:15 / Allies) YouTellEmMa: -bra dpitt, troy
(13:08 / All) PizzaFan1739: 8 huntress 7 archress 1 hero
(13:19 / All) YouTellEmMa: 1 hero less  LOL!
(13:30 / All) Panda_Master: 1 hero 0 unit 1000 towers
(13:36 / All) PizzaFan1739: i have 2 hero actualley.
(13:44 / All) Panda_Master: shut up
(13:57 / All) EataMyMeatballs: lol have u guys ever won a game.
(14:07 / All) Panda_Master: ya
(14:19 / All) Panda_Master: but ur level1 so do u???
(14:28 / All) PizzaFan1739: http://highper.ch/ i won thousants.
(14:37 / All) Panda_Master: ...
(14:47 / All) EataMyMeatballs: what.
(14:56 / All) EataMyMeatballs: do you know us by reputation
(15:04 / All) PizzaFan1739: BEAR_AND here, party w/ a beer
(15:53 / All) PizzaFan1739: that was a staff fyi
(15:54 / All) PizzaFan1739: not a teep
(16:08 / All) EataMyMeatballs: please ask your friend why he leave.
(19:12 / All) YouTellEmMa: gonna staff u gonan laugh U!
(22:32 / All) PizzaFan1739: we sit on vent; and tower & laugh; while embarrassing you with ownage staff